 Dungeon Crawl Stone Soup version 0.22-a0-117-g314b90714a (webtiles) character file.

5 Ordine the Magician (level 1, 0/10 HPs)
             Began as a Deep Elf Wizard on Jan 29, 2018.
             Slain by a jackal (2 damage)
             ... on level 1 of the Dungeon.
             The game lasted 00:01:43 (418 turns).

Ordine the Magician (Deep Elf Wizard)                Turns: 418, Time: 00:01:43

Health: 0/10       AC:  2    Str:  4    XL:     1   Next: 66%
Magic:  0/7        EV: 13    Int: 22    God:
Gold:   21         SH:  0    Dex: 13    Spells: 7/8 levels left

rFire    . . .     SeeInvis .   (no weapon)
rCold    . . .     Gourm    .   (no shield)
rNeg     . . .     Faith    .   a - +0 robe
rPois    .         Spirit   .   b - +0 hat
rElec    .         Reflect  .   (no cloak)
rCorr    .         Harm     .   (no gloves)
MR       .....                  (no boots)
Stlth    ++........             (no amulet)
HPRegen  0.03/turn              (no ring)
MPRegen  0.10/turn              (no ring)

@: very slightly contaminated
A: no striking features
a: no special abilities


You were on level 1 of the Dungeon.
You were not hungry.

You visited 1 branch of the dungeon, and saw 2 of its levels.

You collected 21 gold pieces.

Inventory:

Armour
 a - a +0 robe (worn)
 b - a +0 hat (worn)
Wands
 g - a wand of paralysis (9)
Books
 c - a book of Minor Magic

   Spells                             Type                      Level
   a - Magic Dart                     Conjuration                  1
   b - Blink                          Translocation                2
   c - Call Imp                       Summoning                    2
   d - Slow                           Hexes                        2
   e - Conjure Flame                  Conjuration/Fire             3
   f - Mephitic Cloud                 Conjuration/Poison/Air       3
Comestibles
 d - a ration


   Skills:
 * Level 2.6 Dodging
 * Level 2.7 Stealth
 + Level 4.4 Spellcasting
 + Level 1.2 Conjurations
   Level 1.1 Summonings
   Level 1.1 Translocations


You had 7 spell levels left.
You knew the following spells:

 Your Spells              Type           Power        Failure   Level  Hunger
a - Magic Dart            Conj           ##..         6%          1    None


Dungeon Overview and Level Annotations

Branches:
Dungeon (2/15)

Altars:


Message History

Press: ? - help, Shift-Dir - straight line, f/p - jackal
Aim: a jackal (almost dead, chance to defeat MR: 63%)
The jackal suddenly stops moving!
Casting: Magic Dart (safe; 6% risk of failure)
Confirm with . or Enter, or press ? or * to list all spells.
Aiming: Magic Dart (safe; 6% risk of failure)
Press: ? - help, Shift-Dir - straight line, f/p - jackal
Aim: a jackal (almost dead, paralysed)
The magic dart hits the jackal.
The jackal is almost dead.
The jackal is no longer paralysed.
Casting: Magic Dart (safe; 6% risk of failure)
Confirm with . or Enter, or press ? or * to list all spells.
Aiming: Magic Dart (safe; 6% risk of failure)
Press: ? - help, Shift-Dir - straight line, f/p - jackal
Aim: a jackal (almost dead)
You miscast Magic Dart.
You are very lightly contaminated with residual magic.
Sparks fly from your hands! The jackal bites you.
You die...

#.# #.# .# §. #.# #.### (#
#§ #.# #.#.. .# #§ #)#
#.#.# .# #§
###.###.#.########.# #§
########.......#.#........#
#.
.......#.#.###.#.#.########
#. ###......#.......#.#
#...# #. #.##.#########@..#
#...# #. #.##.# #...#
#h######...#### #. #.##.#
#.8.# #....KsK......# #.
###.##.# #...#
########...##.# ##
..#.##.####'### ######.#
....##.##.....##### #.#
..####..#.....#...# #K####
### ##.'..⌠..'.<.# #...K.
#.#.....#...# ######


You could see a jackal.

Vanquished Creatures
  A bat (D:2)
  A goblin (D:1)
  A hobgoblin (D:1)
  A jackal (D:1)
4 creatures vanquished.

Notes
Turn   | Place    | Note
-------+----------+-------------------------------------------
     0 | D:1      | Ordine the Deep Elf Wizard began the quest for the Orb.
     0 | D:1      | Reached XP level 1. HP: 10/10 MP: 7/7
   190 | D:1      | You fall through a shaft!
   190 | D:2      | Noticed a sky beast
   418 | D:1      | Slain by a jackal

Vault maps used:
D:1:      minmay_arrival_stair_chambers
D:2:      grunt_temple_overflow_order_and_chaos_1, lemuel_doored_altar,
          grunt_ministairs_7

Action                   || total
-------------------------++-------
 Cast: Magic Dart        ||    17
Evoke: Wand              ||     1
  Use: Scroll            ||     1
       Potion            ||     1
Armor: Robe              ||    11
Dodge: Dodged            ||    19

Table legend:
 A = Spawn XP
 B = Non-spawn XP
 C = Spawn XP percentage of total XP
 D = Spawn monster count
 E = Non-spawn monster count
 F = Spawn count percentage of total count
 G = Total turns spent on level
                    A         B        C        D         E        F      G
               +---------+---------+-------+---------+---------+-------+---------
         Total |       0 |       8 |   0.0 |       0 |       4 |   0.0 |   418
               +---------+---------+-------+---------+---------+-------+---------
           D:1 |       0 |       6 |   0.0 |       0 |       3 |   0.0 |   301
           D:2 |       0 |       2 |   0.0 |       0 |       1 |   0.0 |   117
               +---------+---------+-------+---------+---------+-------+---------
